 Dungeon Crawl Stone Soup version 0.17.1-3-g152610e (webtiles) character file.

1163 Blunderbuss the Basher (level 8, -11/88 HPs)
             Began as an Ogre Berserker on Mar 15, 2016.
             Was a Priest of Trog.
             Engulfed by a cloud of flame (20 damage)
             ... on level 7 of the Dungeon.
             The game lasted 00:18:21 (5230 turns).

Blunderbuss the Basher (Ogre Berserker)             Turns: 5230, Time: 00:18:21

Health: -11/88     AC:  3    Str: 23 (25) XL:     8   Next: 40%
Magic:  8/8        EV: 11    Int:  6      God:    Trog [***...]
Gold:   247        SH:  0    Dex:  9      Spells: 0 memorised, 7 levels left

rFire  . . .     SeeInvis .     a - +0 mace
rCold  . . .     Clarity  .     b - +0 animal skin
rNeg   . . .     SustAt   .     (no shield)
rPois  .         Gourm    .     (helmet restricted)
rElec  .         Spirit   .     (no cloak)
rCorr  .         Warding  .     (gloves unavailable)
rMut   .         Stasis   .     (boots unavailable)
MR     .....                    w - amulet of faith
Stlth  ..........               (no ring)
                                v - ring of loudness (curse)

@: lethally poisoned (-11 -> -14), not resistant to hostile enchantments,
extremely unstealthy
A: unfitting armour, horns 1, deterioration 1, mutation resistance 1, spit
poison 1, tough skin 1
a: Spit Poison, Berserk, Trog's Hand, Burn Spellbooks, Renounce Religion


You were on level 7 of the Dungeon.
You worshipped Trog.
Trog was most pleased with you.
You were very full.

You visited 1 branch of the dungeon, and saw 7 of its levels.

You collected 247 gold pieces.

Inventory:

Hand Weapons
 a - a +0 mace (weapon)
Armour
 b - a +0 animal skin (worn)
Jewellery
 e - an uncursed ring of protection from cold
 o - an uncursed amulet of warding {unknown}
 r - a cursed ring of teleportation
 s - a cursed ring of teleportation
 v - a cursed ring of loudness (left hand)
 w - an amulet of faith (around neck)
Scrolls
 h - a scroll of recharging {unknown}
 l - 4 scrolls of remove curse {unknown}
 t - a scroll of fog {unknown}
Potions
 i - a potion of flight {unknown}
 j - a potion of brilliance
Comestibles
 c - 3 bread rations


   Skills:
 + Level 7.7 Fighting
 + Level 8.0 Maces & Flails
 + Level 6.2 Dodging
 + Level 1.3 Stealth


You had 7 spell levels left.
You didn't know any spells.

Dungeon Overview and Level Annotations

Branches:
Dungeon (7/15)
 Temple: D:4-7

Altars:
Dithmenos
Fedhas
Makhleb
Qazlal
Sif Muna

Annotations:
D:6 Eustachio


Innate Abilities, Weirdness & Mutations

You are too large for most types of armour.
You have tough skin (AC +1).
You have a pair of small horns on your head.
Your body sometimes deteriorates upon taking damage.
You are somewhat resistant to further mutation.
You can spit weak poison.


Message History

You headbutt the killer bee, but do no damage.
The killer bee is moderately wounded.
You feel sick. The killer bee barely misses you. The killer bee misses you.
The killer bee stings you! The killer bee stings you.
You thump the killer bee!
The killer bee explodes!
The fiery explosion engulfs the killer bee.
You kill the killer bee!
Trog accepts your kill. The fiery explosion engulfs you!
Your body deteriorates!
You feel weakened.
The fiery explosion engulfs the killer bee.
The killer bee explodes!
The fiery explosion engulfs you!
* * * LOW HITPOINT WARNING * * *
Your body deteriorates!
You feel weakened. Trog accepts your kill. x2
Your Maces & Flails skill increases to level 8!
You are engulfed in roaring flames.
You die...

#. ##.## ######
#....######### ####.....
.............###........
........................
........................
........................
.......§..%...........##
......§@................
.....§§§................
.....§§§................
...y..............#.....
..................#.....
..................#.....
.......#####......#.....
......( ####......#.....
...........#.....


You could see a killer bee.

Vanquished Creatures
  A hungry ghost (D:7)
  A phantom (D:6)
  A necrophage (D:5)
  A water moccasin zombie (D:5)
  2 scorpions
  3 killer bees (D:7)
  3 orc priests
  3 orc wizards
  A centaur skeleton (D:4)
  A giant frog skeleton (D:5)
  2 hounds
  5 worker ants
  3 gnolls (D:2)
  5 adders
  A shadow imp (D:7)
  5 worms
  3 giant geckos
  17 orcs
  3 bats
  3 giant cockroaches
  A goblin (D:3)
  2 hobgoblins
  4 quokkas
  A giant gecko skeleton (D:7)
  2 giant newts
  A jackal skeleton (D:4)
  5 kobolds
  5 rats
85 creatures vanquished.

Notes
Turn   | Place    | Note
--------------------------------------------------------------
     0 | D:1      | Blunderbuss the Ogre Berserker began the quest for the Orb.
     0 | D:1      | Reached XP level 1. HP: 24/24 MP: 1/1
   725 | D:2      | Reached XP level 2. HP: 12/33 MP: 2/2
   934 | D:2      | Reached XP level 3. HP: 18/40 MP: 3/3
  1000 | D:2      | Reached skill level 5 in Fighting
  1001 | D:2      | Reached XP level 4. HP: 21/50 MP: 4/4
  1483 | D:3      | Reached ** piety under Trog
  2114 | D:4      | Reached XP level 5. HP: 38/59 MP: 5/5
  2143 | D:4      | Reached skill level 5 in Maces & Flails
  2319 | D:4      | Reached skill level 6 in Fighting
  2319 | D:4      | Reached XP level 6. HP: 27/67 MP: 6/6
  2656 | D:4      | Found a stormy altar of Qazlal.
  2879 | D:4      | Found a blossoming altar of Fedhas.
  3121 | D:5      | Entered Level 5 of the Dungeon
  3137 | D:5      | Reached XP level 7. HP: 50/74 MP: 7/7
  3194 | D:5      | Reached skill level 1 in Stealth
  3531 | D:5      | Reached skill level 5 in Dodging
  3539 | D:5      | Found a burning altar of Makhleb.
  3567 | D:5      | Gained mutation: Your body sometimes deteriorates upon taking damage. [potion of mutation]
  3567 | D:5      | Gained mutation: You are somewhat resistant to further mutation. [potion of mutation]
  3568 | D:5      | HP: 3/74 [poisoned by a scorpion]
  3868 | D:5      | Gained mutation: You have a pair of small horns on your head. [potion of mutation]
  3868 | D:5      | Gained mutation: You can spit weak poison. [potion of mutation]
  3986 | D:5      | Reached skill level 7 in Maces & Flails
  4195 | D:5      | Found a deep blue altar of Sif Muna.
  4368 | D:6      | Found a shadowy altar of Dithmenos.
  4721 | D:6      | Noticed Eustachio
  4759 | D:7      | Reached XP level 8. HP: 26/87 MP: 8/8
  5077 | D:7      | Reached *** piety under Trog
  5230 | D:7      | Reached skill level 8 in Maces & Flails
  5230 | D:7      | Engulfed by a cloud of flame

Action                   |  1- 3 |  4- 6 |  7- 9 || total
-------------------------+-------+-------+-------++-------
Melee: Mace              |    40 |   160 |   159 ||   359
Invok: Berserk           |     1 |     2 |     2 ||     5
  Use: Potion            |     2 |       |     9 ||    11
       Scroll            |     1 |     2 |     2 ||     5
 Stab: Sleeping          |       |       |     1 ||     1
  Eat: Meat ration       |       |     1 |     1 ||     2
       Bread ration      |       |     1 |     3 ||     4
       Fruit             |       |     1 |       ||     1
       Royal jelly       |       |       |     2 ||     2
       Pizza             |       |       |     1 ||     1
